 Dungeon Crawl Stone Soup version 0.17.0-25-gefc9c12 (console) character file.

4979 gw the Slicer (level 10, 0/92 HPs)
             Began as a Deep Dwarf Assassin on Nov 19, 2015.
             Was a Believer of Trog.
             Splashed by an oklob plant's acid (7 damage)
             ... created by the enmity of Fedhas Madash
             ... on level 9 of the Dungeon.
             The game lasted 00:12:09 (8457 turns).

gw the Slicer (Deep Dwarf Assassin)                 Turns: 8457, Time: 00:12:09

Health: 0/92       AC:  7    Str: 20    XL:     10   Next: 29%
Magic:  7/7        EV: 10    Int: 12    God:    Trog [**....]
Gold:   524        SH:  0    Dex: 17    Spells: 0 memorised, 9 levels left

rFire  + . .     SeeInvis .     a - +2 rapier
rCold  . . .     Clarity  .     D - +0 scale mail {rF+}
rNeg   . . .     SustAt   .     (no shield)
rPois  .         Gourm    .     o - +0 helmet
rElec  .         Spirit   .     d - +0 cloak
rCorr  +         Warding  .     u - +0 pair of gloves
rMut   .         Stasis   .     (no boots)
MR     +....                    x - amulet of resist corrosion
Stlth  ..........               t - +3 ring of slaying
                                l - +5 ring of strength

@: confused, corroded equipment, non-regenerating, somewhat resistant to hostile
enchantments, extremely unstealthy
A: damage resistance, recharge devices, sense surroundings 2, slow regeneration
3
a: Device Recharging, Berserk, Trog's Hand, Burn Spellbooks, Renounce Religion


You were on level 9 of the Dungeon.
You worshipped Trog.
Trog was pleased with you.
You were hungry.

You visited 2 branches of the dungeon, and saw 10 of its levels.

You collected 524 gold pieces.

Inventory:

Hand Weapons
 a - a +2 rapier (weapon)
 b - a +1 blowgun
Missiles
 e - 77 poisoned needles
 f - 2 curare-tipped needles
Armour
 d - a +0 cloak (worn)
 o - a +0 helmet (worn)
 u - a +0 pair of gloves (worn)
 D - a +0 scale mail of fire resistance (worn)
Jewellery
 l - a +5 ring of strength (left hand)
 t - a +3 ring of slaying (right hand)
 x - an amulet of resist corrosion (around neck)
Wands
 g - a wand of heal wounds (5)
 k - a wand of digging (14)
 v - a wand of cold (9)
 y - a wand of draining (8)
 A - a wand of confusion (19)
 B - a wand of lightning (8)
Scrolls
 c - 2 scrolls of magic mapping
 m - 2 scrolls of remove curse
 n - 4 scrolls of teleportation
 q - 6 scrolls of identify
Potions
 i - a potion of curing
 p - a potion of might
 r - a potion of flight
 z - a potion of resistance
 C - a potion of berserk rage
Books
 w - a book of Debilitation

   Spells                             Type                      Level
   a - Corona                         Hexes                        1
   b - Slow                           Hexes                        2
   c - Gell's Gravitas                Hexes/Translocation          3
   d - Inner Flame                    Hexes/Fire                   3
   e - Cause Fear                     Hexes                        4
   f - Leda's Liquefaction            Hexes/Earth                  4
   Trog disapproves of the use of such an item.
 E - a book of Death

   Spells                             Type                      Level
   a - Corpse Rot                     Necromancy                   2
   b - Sublimation of Blood           Necromancy                   2
   c - Agony                          Necromancy                   5
   d - Dispel Undead                  Necromancy                   5
   e - Excruciating Wounds            Charms/Necromancy            5
   f - Bolt of Draining               Conjuration/Necromancy       5
   Trog disapproves of the use of such an item.
Comestibles
 h - 5 bread rations
 s - 2 meat rations


   Skills:
 + Level 6.3 Fighting
 * Level 9.1 Short Blades
 + Level 6.5 Throwing
 + Level 7.1 Armour
 - Level 1.1 Dodging
 - Level 4.8 Stealth
 - Level 1.3 Evocations


You had 9 spell levels left.
You didn't know any spells.

Dungeon Overview and Level Annotations

Branches:
Dungeon (9/15)             Temple (1/1) D:4
   Lair: D:8-11         Orc: D:9-12

Altars:
Ashenzari
Cheibriados
Dithmenos
Elyvilon
Fedhas
Gozag
Kikubaaqudgha
Makhleb
Nemelex Xobeh
Okawaru
Qazlal
Ru
Sif Muna
Trog
Vehumet
Xom
Yredelemnul
Zin
The Shining One


Innate Abilities, Weirdness & Mutations

You are resistant to damage.
You can recharge devices by infusing magical energy.
You passively map the area around you.
You do not regenerate naturally.


Message History

You feel better.
The wandering mushroom releases spores at you!
You are engulfed in a cloud of spores!
You are confused.
The oklob plant spits acid at you. The splash of acid hits you! You resist.
The acid corrodes you!
The acid burns!
You resist. The oklob plant spits acid at you. The splash of acid hits you!
You resist.
The acid burns!
You resist. The wandering mushroom misses you.
Drink which item? (? for menu, Esc to quit)
You feel better.
The wandering mushroom releases spores at you!
You are engulfed in a cloud of spores!
You are confused.
The oklob plant spits acid at you. The splash of acid hits you! You resist.
The acid burns!
You resist. The oklob plant spits acid at you. The splash of acid hits you!
You resist.
The acid burns!
You resist.
You die...

#.# ##### #.# #...#
######.#######.#.#
.....#.........#.#
.....###########.#
..........))...>.#
......#.######...#
......#..<..##.Pf#
#.##....#.#.##.Pg#
#.##....#.#.##.Pf#
#.##....#.#......#
...#......#......#
.................###
* * *
..........[........
, ,,
.............#..## *
p....##.##.......#
...#.##.##.###...#


You could see 3 oklob plants and 2 wandering mushrooms.

Table legend:
 A = Turns spent in this place as a percentage of turns spent in the entire game.
 B = Non-inter-level travel turns spent in this place as a percentage of non-inter-level travel turns spent in the entire game.
 C = Inter-level travel turns spent in this place as a percentage of turns spent in this place.
 D = Turns resting spent in this place as a percentage of non-inter-level travel turns spent in this place.
 E = Turns spent auto-exploring this place as a percentage of non-inter-level travel turns spent in this place.
 F = Non-inter-level travel turns spent in this place divided by the number of levels of this place that you've seen.
                   A       B       C       D       E      F
               +-------+-------+-------+-------+-------+----------------------
         Total | 100.0 | 100.0 |   0.5 |   0.1 |   2.1 | 1771.7
       Dungeon |  99.2 |  99.2 |   0.5 |   0.1 |   2.0 | 1952.3
        Temple |   0.8 |   0.8 |   0.7 |   0.0 |   4.1 | 146.0
               +-------+-------+-------+-------+-------+----------------------

Table legend:
 A = Kills in this place as a percentage of kills in entire the game.
 B = Kills by you in this place as a percentage of kills by you in the entire game.
 C = Kills by friends in this place as a percentage of kills by friends in the entire game.
 D = Other kills in this place as a percentage of other kills in the entire game.
 E = Experience gained in this place as a percentage of experience gained in the entire game.
 F = Experience gained in this place divided by the number of levels of this place that you have seen.
                   A       B       C       D       E      F
               +-------+-------+-------+-------+-------+----------------------
         Total | 100.0 | 100.0 |  -nan |  -nan | 100.0 | 711.3
       Dungeon | 100.0 | 100.0 |  -nan |  -nan | 100.0 | 790.3
               +-------+-------+-------+-------+-------+----------------------

Vanquished Creatures
  Pikel (D:9)
  The ghost of gw the Grasshopper, a novice DDWr (D:4)
  3 yaks (D:9)
  2 hungry ghosts
  An orc warrior (D:9)
  2 sky beasts (D:7)
  A slave (D:9)
  2 ice beasts
  A necrophage (D:3)
  2 phantoms
  4 centaurs
  3 giant frogs
  3 ogres
  A gnoll sergeant (D:9)
  A wyvern zombie (D:8)
  A water moccasin skeleton (D:5)
  2 scorpions
  8 killer bees
  4 wights (D:8)
  7 crimson imps
  4 hounds
  4 orc priests
  5 orc wizards
  A centaur zombie (D:7)
  A quasit (D:8)
  2 centaur skeletons
  A jelly (D:6)
  3 iguanas
  7 worker ants
  A hound zombie (D:6)
  3 hound skeletons
  Robin (D:2)
  12 adders
  10 gnolls
  A shadow imp (D:8)
  2 adder zombies
  An adder skeleton (D:8)
  4 giant geckos
  36 orcs
  3 ball pythons
  16 bats
  3 giant cockroaches (D:1)
  12 goblins
  2 hobgoblins
  2 jackals (D:3)
  4 kobolds
  A quokka (D:8)
  A giant gecko zombie (D:5)
  2 giant newts (D:2)
  A quokka skeleton (D:4)
  A quokka zombie (D:7)
  7 rats
204 creatures vanquished.

Vanquished Creatures (others)
  A ball lightning (D:9)
  A yak (D:9)
  A slave (D:9)
  A centaur (D:9)
  An orc (D:5)
  2 giant spores (D:9)
  30 toadstools
37 creatures vanquished.

Grand Total: 241 creatures vanquished

Notes
Turn   | Place    | Note
--------------------------------------------------------------
     0 | D:1      | gw the Deep Dwarf Assassin began the quest for the Orb.
     0 | D:1      | Reached XP level 1. HP: 19/19 MP: 1/1
   206 | D:1      | Reached XP level 2. HP: 26/26 MP: 2/2
   220 | D:1      | Reached skill level 1 in Evocations
   887 | D:2      | Reached skill level 1 in Armour
  1024 | D:2      | Reached XP level 3. HP: 19/32 MP: 2/4
  1166 | D:2      | Noticed Robin
  1204 | D:2      | Killed Robin
  1232 | D:2      | Reached XP level 4. HP: 39/39 MP: 5/5
  1256 | D:2      | Found a sacrificial altar of Ru.
  2017 | D:3      | Noticed a necrophage
  2050 | D:3      | Killed a necrophage
  2050 | D:3      | Reached XP level 5. HP: 38/48 MP: 6/6
  2223 | D:4      | Noticed gw's ghost (novice DDWr)
  2307 | D:4      | Reached XP level 6. HP: 43/55 MP: 7/7
  2333 | D:4      | Killed gw's ghost
  2333 | D:4      | Reached XP level 7. HP: 33/62 MP: 8/8
  2438 | D:4      | Reached skill level 5 in Short Blades
  2526 | D:4      | Found a staircase to the Ecumenical Temple.
  2581 | Temple   | Entered the Ecumenical Temple
  2589 | Temple   | Became a worshipper of Fedhas Madash
  3138 | D:5      | Entered Level 5 of the Dungeon
  3336 | D:5      | Reached XP level 8. HP: 58/72 MP: 8/8
  3537 | D:5      | Reached skill level 6 in Short Blades
  3978 | D:5      | Found a bloodstained altar of Trog.
  3981 | D:5      | Found a sparkling altar of Nemelex Xobeh.
  3984 | D:5      | Found an iron altar of Okawaru.
  4462 | D:6      | Found a deep blue altar of Sif Muna.
  4849 | D:6      | Fell from the grace of Fedhas
  4944 | D:5      | Became a worshipper of Trog the Wrathful
  5331 | D:7      | Reached skill level 5 in Armour
  5470 | D:7      | Reached skill level 5 in Throwing
  5548 | D:7      | Reached skill level 7 in Short Blades
  5595 | D:7      | Reached skill level 5 in Fighting
  5632 | D:7      | Gained mutation: You passively map the area around you. [Deep Dwarf growth]
  5632 | D:7      | Reached XP level 9. HP: 41/81 MP: 8/8
  5825 | D:7      | Found a burning altar of Makhleb.
  5826 | D:7      | Found a shimmering altar of Xom.
  6656 | D:8      | Reached * piety under Trog
  6810 | D:8      | Reached skill level 8 in Short Blades
  7229 | D:8      | Found a shattered altar of Ashenzari.
  7674 | D:9      | Reached ** piety under Trog
  7711 | D:9      | Reached XP level 10. HP: 51/91 MP: 8/8
  7924 | D:9      | Noticed Pikel
  7960 | D:9      | Killed Pikel
  7968 | D:9      | Reached skill level 9 in Short Blades
  8436 | D:9      | Noticed a ball lightning
  8437 | D:9      | Killed a ball lightning
  8453 | D:9      | Noticed an oklob plant
  8453 | D:9      | Noticed an oklob plant
  8453 | D:9      | Noticed an oklob plant
  8457 | D:9      | Splashed by an oklob plant's acid

Action                   |  1- 3 |  4- 6 |  7- 9 | 10-12 || total
-------------------------+-------+-------+-------+-------++-------
Melee: Dagger            |   130 |   224 |    51 |       ||   405
       Rapier            |       |       |   664 |    97 ||   761
 Fire: Blowgun           |    28 |    43 |   264 |    36 ||   371
Invok: Renounce Religion |       |       |     1 |       ||     1
 Abil: Device Recharging |       |       |     3 |     1 ||     4
Evoke: Wand              |     1 |     3 |    22 |     5 ||    31
  Use: Scroll            |     1 |     8 |     8 |       ||    17
       Potion            |     1 |     5 |     8 |     3 ||    17
 Stab: Sleeping          |     2 |       |       |       ||     2
       Distracted        |     1 |     1 |     2 |     1 ||     5
  Eat: Chunk             |     1 |     3 |    16 |     2 ||    22
       Bread ration      |       |       |     3 |       ||     3
       Beef jerky        |       |       |     1 |       ||     1

Vault maps used:
D:1:      mushboom_english_gardens, minmay_box_of_dots
D:2:      first_bread, nicolae_ru_sacrificial_ziggurat, uniq_robin
D:4:      temple_fountains
D:5:      grunt_temple_overflow_diamond
D:6:      nicolae_overflow_crystal_walls
D:7:      grunt_temple_overflow_champion_of_chaos
D:8:      marbit_many_paths
D:9:      uniq_pikel
Temple:   circular_temple_12
